 Dungeon Crawl Stone Soup version 0.23.2-1-ga50397a6bc (webtiles) character file.

Game seed: 8062506813163451613

152539 Gargoyl the Cleaver (level 17, -3/158 HPs)
             Began as a Centaur Abyssal Knight on May 13, 2019.
             Was the Champion of Lugonu.
             Killed from afar by a shock serpent (11 damage)
             ... with a bolt of electricity
             ... on level 2 of the Snake Pit.
             The game lasted 01:01:38 (33397 turns).

Gargoyl the Cleaver (Centaur Abyssal Knight)       Turns: 33397, Time: 01:01:40

Health: -3/158     AC: 29    Str: 21    XL:     17   Next: 3%
Magic:  4/18       EV: 12    Int:  7    God:    Lugonu [******]
Gold:   1360       SH:  9    Dex: 17    Spells: 16/16 levels left

rFire    . . .     SeeInvis .   l - +4 broad axe of Makhleb's Favour {flame, rPois rN+ MR+ MP-9}
rCold    . . .     Gourm    .   x - +3 buckler {AC+3}
rNeg     + + .     Faith    .   O - +5 scale mail of Hairiness {MR++}
rPois    +         Spirit   .   T - +0 helmet
rElec    .         Reflect  .   U - +0 cloak "Bytyerph" {+Blink Str+2}
rCorr    .         Harm     .   b - +2 pair of gloves
MR       +++++                  N - +0 centaur barding
Stlth    ..........             k - amulet of Vitality {Regen+ HP+15}
HPRegen  0.76/turn              Y - ring of Nugigub {+Fly rPois MR+++ Str+2 Dex-4}
MPRegen  0.16/turn              Z - ring of Hetyrgh {rPois rN+ Int-4 Dex+3}

@: lethally poisoned (-3 -> -3), very quick
A: large, hooves 3, agile 2, deformed body, speed 2, screaming 1, tough skin 3
a: Depart the Abyss, Bend Space, Banish, Corrupt, Enter the Abyss, Brand Weapon
With Distortion, Renounce Religion, Evoke Blink, Evoke Flight


You were on level 2 of the Snake Pit.
You worshipped Lugonu.
Lugonu was exalted by your worship.
You were not hungry.

You visited 3 branches of the dungeon, and saw 23 of its levels.
You visited the Abyss 2 times.
You visited 1 bazaar.
You also visited: Ossuary.

You collected 2162 gold pieces.
You spent 802 gold pieces at shops.

Inventory:

Hand Weapons
 a - a +3 war axe
 l - the +4 broad axe of Makhleb's Favour (weapon) {flame, rPois rN+ MR+ MP-9}
   (You acquired it on level 15 of the Dungeon)

   It has been specially enchanted to burn those struck by it, causing extra
   injury to most foes and up to half again as much damage against particularly
   susceptible opponents.
   Big, fiery blades are also staple armaments of hydra-hunters.
   It protects you from poison.
   It protects you from negative energy.
   It affects your resistance to hostile enchantments.
   It affects your magic capacity (-9).
Missiles
 p - 33 tomahawks (quivered)
Armour
 b - a +2 pair of gloves (worn)
 f - a +2 scale mail of fire resistance
 x - a +3 buckler of protection (worn)
 N - a +0 centaur barding (worn)
 O - the +5 scale mail of Hairiness (worn) {MR++}
   (You found it on level 9 of the Dungeon)

   It affects your resistance to hostile enchantments.
 T - a +0 helmet (worn)
 U - the +0 cloak "Bytyerph" (worn) {+Blink Str+2}
   (You bought it in a shop in a bazaar)

   It affects your strength (+2).
   It lets you blink.
Jewellery
 d - an uncursed ring of protection from cold
 k - the amulet of Vitality (around neck) {Regen+ HP+15}
   (You found it on level 5 of the Dungeon)

   [amulet of regeneration]

   It affects your health (+15).
   It increases your rate of regeneration.
 o - a cursed ring of protection from cold
 s - an uncursed ring of protection from fire
 t - a +3 amulet of reflection
 y - a +6 ring of dexterity
 D - an uncursed ring of positive energy
 K - an uncursed ring of flight
 P - an uncursed ring of positive energy
 X - an uncursed ring of resist corrosion
 Y - the ring of Nugigub (left hand) {+Fly rPois MR+++ Str+2 Dex-4}
   (You found it on level 15 of the Dungeon)

   [ring of strength]

   It affects your strength (+2).
   It affects your dexterity (-4).
   It protects you from poison.
   It affects your resistance to hostile enchantments.
   It lets you fly.
 Z - the ring of Hetyrgh (right hand) {rPois rN+ Int-4 Dex+3}
   (You found it on level 15 of the Dungeon)

   [ring of dexterity]

   It affects your intelligence (-4).
   It affects your dexterity (+3).
   It protects you from poison.
   It protects you from negative energy.
Wands
 e - a wand of disintegration (15)
 g - a wand of paralysis (9)
 G - a wand of scattershot (9)
 Q - a wand of iceblast (8)
 R - a wand of clouds (4)
 V - a wand of digging (3)
Scrolls
 n - 3 scrolls of identify
 q - 3 scrolls of blinking
 r - 9 scrolls of remove curse
 u - 6 scrolls of teleportation
 v - a scroll of amnesia
 A - a scroll of random uselessness {unknown}
 I - a scroll of fear
 M - 3 scrolls of fog
 S - 3 scrolls of magic mapping
Potions
 h - 5 potions of brilliance
 i - 3 potions of haste
 j - 4 potions of curing
 m - 2 potions of resistance
 w - 7 potions of lignification
 z - 4 potions of berserk rage
 B - 5 potions of cancellation
 E - 2 potions of magic
 F - 2 potions of agility
 L - 5 potions of heal wounds
 W - a potion of might
Comestibles
 c - 30 rations


   Skills:
 + Level 10.9 Fighting
 + Level 14.1 Axes
 + Level 3.0 Throwing
 * Level 11.1 Armour
 * Level 9.6 Dodging
 + Level 6.6 Shields
 * Level 13.6 Invocations
 + Level 1.7 Evocations


You had 16 spell levels left.
You didn't know any spells.
Your spell library contained the following spells:

 Spells                   Type           Power        Failure   Level  Hunger
 Corona                   Hex            #......      71%         1    ##.....
 Freeze                   Ice            #...         71%         1    ##.....
 Shock                    Conj/Air       #...         71%         1    ##.....
 Sting                    Conj/Pois      #...         71%         1    ##.....
 Ensorcelled Hibernation  Hex/Ice        #.....       83%         2    ###....
 Poisonous Vapours        Pois/Air       #.....       83%         2    ###....
 Swiftness                Chrm/Air       #.......     83%         2    ###....
 Throw Frost              Conj/Ice       #.....       83%         2    ###....
 Confuse                  Hex            #.......     97%         3    ####...
 Dazzling Spray           Conj/Hex       #.....       97%         3    ####...
 Mephitic Cloud           Conj/Pois/Air  #.......     97%         3    ####...
 Ozocubu's Armour         Chrm/Ice       #.......     97%         3    ####...
 Portal Projectile        Hex/Tloc       #.....       97%         3    ####...
 Recall                   Summ/Tloc      N/A          97%         3    ####...
 Static Discharge         Conj/Air       #.......     97%         3    ####...
 Stone Arrow              Conj/Erth      #.....       97%         3    ####...
 Tukima's Dance           Hex            #.......     97%         3    ####...
 Airstrike                Air            #.........   100%        4    #####..
 Force Lance              Conj/Tloc      #.......     100%        4    #####..
 Olgreb's Toxic Radiance  Pois           #.......     100%        4    #####..
 Sticky Flame             Conj/Fire      #.......     100%        4    #####..
 Summon Ice Beast         Ice/Summ       #.......     100%        4    #####..
 Throw Icicle             Conj/Ice       #.......     100%        4    #####..
 Aura of Abjuration       Summ           #.........   100%        5    ######.
 Bolt of Magma            Conj/Fire/Erth #.........   100%        5    ######.
 Lightning Bolt           Conj/Air       #.........   100%        5    ######.
 Summon Demon             Summ           #.........   100%        5    ######.
 Summon Forest            Summ/Tloc      #.........   100%        5    ######.
 Summon Mana Viper        Hex/Summ       #.......     100%        5    ######.
 Venom Bolt               Conj/Pois      #.........   100%        5    ######.
 Bolt of Fire             Conj/Fire      #.........   100%        6    #######
 Conjure Ball Lightning   Conj/Air       #.........   100%        6    #######
 Shadow Creatures         Summ           N/A          100%        6    #######
 Ignition                 Fire           #.........   100%        8    #######
 Shatter                  Erth           #.........   100%        9    #######
 Tornado                  Air            #.........   100%        9    #######


Dungeon Overview and Level Annotations

Branches:
Dungeon (15/15)            Temple (0/1) D:4            Lair (6/6) D:9
 Shoals (0/4) Lair:2        Snake (2/4) Lair:4        Slime (0/5) Lair:6
    Orc (0/2) D:12         Vaults (0/5) D:13         Depths (0/5) D:15

Altars:
Ashenzari
Dithmenos
Makhleb
Qazlal
Ru
Trog
Xom
Yredelemnul
Zin

Shops:
D:5 *   D:7 [

Portals:
Hell: Lair:6


Innate Abilities, Weirdness & Mutations

You have hooves in place of feet.
Armour fits poorly on your strangely shaped body.
You cover ground very quickly.
You have extremely tough skin. (AC +3)
You are very agile. (Dex +4)
You occasionally shout uncontrollably at your foes.


Message History

You closely miss the shock serpent.
The shock serpent is heavily wounded.
The shock serpent shoots out a bolt of lightning at you!
The bolt of electricity hits you!!
* * * LOW HITPOINT WARNING * * *
You block the shock serpent's attack.
You closely miss the shock serpent. Your kick misses the shock serpent.
The shock serpent is moderately wounded.
You feel sick.
The shock serpent shoots out a bolt of lightning at you!
The bolt of electricity hits you!!
* * * LOW HITPOINT WARNING * * *
You slash the shock serpent! You burn the shock serpent.
You kick the shock serpent, but do no damage.
The shock serpent is heavily wounded.
The shock serpent's electric aura discharges, shocking you!
* * * LOW HITPOINT WARNING * * *
The shock serpent shoots out a bolt of lightning at you!
The bolt of electricity hits you!
You die...

.)..# #...#.........####
...####.)##..........#.# ##
.8)###...#........##...# .#
).(##...##.............####.#
[.(....##....##..#......#...##
......##.... #..##.....†.)..#
....(##...#..##.........###......
÷.)###....##............# ......
.8.#......).....@S.......# ....N.
.#.#.............................
.......)........##...............
......)†)........................
#.....).........................%
##...#......^.......#.#...
#.#.#.###.........####.# #######
#........ .......


You could see a shock serpent.

Vanquished Creatures
  Kirke (Lair:3)
  Roxanne (D:14)
  A dire elephant (Lair:6)
  2 ettins
  A fire dragon (D:15)
  4 vault guards (D:15)
  A yaktaur captain (D:15)
  3 naga warriors
  11 hydras
  A catoblepas (Lair:5)
  2 anacondas (Snake:2)
  The ghost of voshxz the Cleaver, a novice MiBe of Trog (D:9)
  15 two-headed ogres
  9 centaur warriors
  6 death yaks
  A death knight (D:13)
  The ghost of Cykl0x the Cleaver, a novice MiFi of Makhleb (D:9)
  3 tengu warriors
  5 ogre magi
  A deep troll shaman (D:15)
  4 naga sharpshooters
  A fire crab (D:15)
  The ghost of flt the Tainter, a novice OpVM of Hepliaklqana (D:9)
  A skeletal warrior (D:13)
  A sixfirhy (Lair:6)
  A wizard (Lair:6)
  5 unseen horrors
  A naga ritualist (Snake:2)
  A necromancer (Lair:4)
  6 mana vipers
  A wolf spider zombie (D:15)
  9 ugly things
  An orc knight (D:15)
  Pikel (D:4)
  2 cyclopes (shapeshifter) (D:14)
  4 deep elf magi (D:13)
  A salamander (Snake:2)
  6 cyclopes (D:15)
  11 elephants
  16 black mambas
  2 orange demons (Lair:6)
  A guardian serpent (Lair:4)
  6 naga magi
  A torpor snail (Lair:5)
  A gargoyle (D:13)
  8 spiny frogs
  3 rime drakes
  2 freezing wraiths
  6 kobold demonologists
  A hellwing (Lair:6)
  2 ice devils (Lair:6)
  2 komodo dragons
  A yaktaur (D:15)
  2 tengu conjurers
  A meliai (D:15)
  A red devil (Lair:6)
  2 trolls
  10 blink frogs
  A wolf spider simulacrum (D:15)
  9 hippogriffs
  7 slime creatures
  Grinder (D:4)
  7 dream sheep
  A centaur simulacrum (D:15)
  3 shadows (D:15)
  3 wraiths
  5 wyverns
  A vampire (D:15)
  42 yaks
  5 hogs
  2 basilisks
  4 vampire mosquitoes (D:12)
  Menkaure (D:4)
  2 acid dragons
  21 nagas
  16 water moccasins
  4 floating eyes (D:15)
  5 hell hounds (Lair:6)
  6 porcupines
  Duvessa (D:4)
  2 phantoms
  2 slaves (D:4)
  4 orc warriors
  3 black bears
  5 sky beasts
  3 ice beasts
  2 necrophages
  29 centaurs
  18 ogres
  14 crocodiles
  An elf zombie (Ossuary)
  10 big kobolds
  16 bullfrogs
  Dowan (D:4)
  A gnoll sergeant (D:5)
  2 wyvern skeletons
  5 scorpions
  12 killer bees
  9 wights
  An electric eel (Lair:4)
  7 howler monkeys
  7 crimson imps
  7 centaur zombies
  9 orc priests
  8 hounds
  5 jellies
  2 bullfrog zombies
  2 human zombies (Ossuary)
  10 orc wizards
  A bullfrog skeleton (D:13)
  5 iguanas
  6 centaur skeletons
  15 worker ants
  4 polar bear simulacra (Lair:4)
  3 yak simulacra (Lair:4)
  3 wolf simulacra (Lair:4)
  3 hound zombies
  A hound skeleton (D:11)
  2 mummies (Ossuary)
  2 worker ant zombies (D:5)
  A gnoll (D:1)
  11 adders
  A howler monkey skeleton (D:8)
  6 shadow imps
  2 oozes
  An adder zombie (Ossuary)
  2 adder skeletons
  4 worms
  2 dart slugs (D:1)
  7 leopard geckos
  55 orcs
  2 ball pythons
  8 goblins
  4 hobgoblins
  6 jackals
  4 quokkas
  4 bats
  4 frilled lizards
  3 goblin zombies (Ossuary)
  9 hobgoblin zombies (Ossuary)
  3 jackal zombies (Ossuary)
  15 kobolds
  8 kobold zombies (Ossuary)
  A leopard gecko zombie (D:5)
  8 orc zombies (Ossuary)
  A quokka skeleton (D:7)
  5 rats
  2 rat zombies (Ossuary)
  A river rat simulacrum (Lair:4)
  2 fungi (Lair:3)
767 creatures vanquished.

Vanquished Creatures (collateral kills)
  A scorpion (D:9)
1 creature vanquished.

Vanquished Creatures (others)
  A deep elf knight (D:13)
  An oklob plant (Lair:6)
  A wyvern (D:2)
  An orc (D:5)
  2 fungi (Lair:6)
  7 plants
  4 toadstools (D:1)
  2 withered plants (D:9)
19 creatures vanquished.

Grand Total: 787 creatures vanquished

Notes
Turn   | Place    | Note
-------+----------+-------------------------------------------
     0 | Abyss:1  | Gargoyl the Centaur Abyssal Knight began the quest for the
                  | Orb.
     0 | Abyss:1  | Reached XP level 1. HP: 19/19 MP: 2/2
    88 | Abyss:3  | Noticed a wretched star
   116 | Abyss:3  | Noticed a small abomination
   118 | Abyss:3  | Noticed a smoke demon
   133 | Abyss:3  | Noticed a starcursed mass
   135 | Abyss:3  | Noticed an ancient zyme
   135 | Abyss:3  | Noticed a small abomination
   139 | Abyss:3  | Noticed a large abomination
   142 | D:1      | Escaped the Abyss
   506 | D:1      | Reached XP level 2. HP: 25/26 MP: 3/3
   696 | D:1      | Reached * piety under Lugonu
   703 | D:1      | Reached skill level 1 in Dodging
   862 | D:1      | Reached skill level 2 in Axes
  1106 | D:1      | Reached XP level 3. HP: 31/31 MP: 4/4
  1609 | D:2      | Noticed a bullfrog
  1609 | D:2      | Noticed an orc warrior
  1643 | D:2      | Killed a bullfrog
  1643 | D:2      | Reached XP level 4. HP: 12/39 MP: 5/5
  1980 | D:2      | Found a stormy altar of Qazlal.
  1982 | D:2      | Found a glowing silver altar of Zin.
  2471 | D:3      | Reached XP level 5. HP: 33/45 MP: 7/7
  2603 | D:3      | Reached ** piety under Lugonu
  2947 | D:4      | Noticed Dowan
  2948 | D:4      | Noticed Duvessa
  2971 | D:4      | Killed Duvessa
  2981 | D:4      | Killed Dowan
  2981 | D:4      | Reached XP level 6. HP: 11/52 MP: 8/8
  3256 | D:4      | Reached skill level 3 in Axes
  3259 | D:4      | Found a sand-covered staircase.
  3268 | Ossuary  | Entered an ossuary
  3660 | Ossuary  | Reached *** piety under Lugonu
  3845 | Ossuary  | Reached XP level 7. HP: 44/59 MP: 9/9
  4056 | D:4      | Found a bloodstained altar of Trog.
  4107 | D:4      | Found a staircase to the Ecumenical Temple.
  4509 | D:4      | Found a sacrificial altar of Ru.
  4509 | D:4      | Found a shimmering altar of Xom.
  4546 | D:4      | Noticed Menkaure
  4556 | D:4      | Killed Menkaure
  4556 | D:4      | Reached skill level 4 in Axes
  5465 | D:2      | Noticed a wyvern
  5465 | D:2      | an orc warrior changed into a wyvern
  5492 | D:2      | Banished a wyvern
  5819 | D:5      | Entered Level 5 of the Dungeon
  5819 | D:5      | Found a burning altar of Makhleb.
  5819 | D:5      | Found the amulet of Vitality {Regen+ HP+15}
  6358 | D:5      | Noticed Grinder
  6363 | D:5      | Reached XP level 8. HP: 66/66 MP: 11/11
  6375 | D:4      | Paralysed by Grinder for 6 turns
  6387 | D:4      | Killed Grinder
  6572 | D:5      | Reached skill level 1 in Shields
  6922 | D:5      | Noticed Pikel
  7005 | D:4      | Killed Pikel
  7005 | D:4      | Reached skill level 5 in Axes
  7005 | D:4      | Reached skill level 5 in Armour
  7005 | D:4      | Reached skill level 5 in Invocations
  7087 | D:5      | Reached **** piety under Lugonu
  7104 | D:5      | Reached XP level 9. HP: 72/73 MP: 12/12
  7107 | D:5      | Reached skill level 5 in Fighting
  7213 | D:5      | Found Jegom's Assorted Antiques.
  7658 | D:6      | Found a basalt altar of Yredelemnul.
  8807 | D:7      | Reached skill level 6 in Axes
  9085 | D:7      | Found Reingyly's Antique Armour Shop.
  9641 | D:8      | Reached ***** piety under Lugonu
  9664 | D:7      | Reached XP level 10. HP: 68/82 MP: 14/14
  9971 | D:8      | Noticed a two-headed ogre
 10396 | D:9      | Noticed a two-headed ogre
 10445 | D:9      | Killed a two-headed ogre
 10612 | D:9      | Reached skill level 7 in Axes
 10969 | D:8      | Killed a two-headed ogre
 10969 | D:8      | Reached skill level 5 in Dodging
 11820 | D:9      | Found a staircase to the Lair.
 11973 | D:9      | Found a runed translucent gate.
 11973 | D:9      | Noticed voshxz's ghost (novice MiBe)
 11973 | D:9      | Noticed Cykl0x's ghost (novice MiFi)
 11974 | D:9      | Found a runed translucent gate.
 11974 | D:9      | Found a runed translucent gate.
 11974 | D:9      | Noticed flt's ghost (novice OpVM)
 12035 | D:9      | Reached XP level 11. HP: 89/89 MP: 16/16
 12338 | Lair:1   | Entered Level 1 of the Lair of Beasts
 13430 | Lair:2   | Found a staircase to the Shoals.
 13660 | Lair:2   | Noticed a five-headed hydra
 13672 | Lair:2   | Killed a one-headed hydra
 13672 | Lair:2   | Reached skill level 8 in Axes
 15211 | Lair:3   | Reached skill level 1 in Throwing
 15602 | Lair:4   | Noticed Kirke
 15661 | Lair:4   | Gained mutation: You are agile. (Dex +2) [potion of
                  | mutation]
 15661 | Lair:4   | Gained mutation: You are very agile. (Dex +4) [potion of
                  | mutation]
 16032 | Lair:2   | Reached skill level 9 in Axes
 16032 | Lair:2   | Reached XP level 12. HP: 40/97 MP: 18/18
 16149 | Lair:3   | Killed Kirke
 16706 | Lair:4   | Found a staircase to the Snake Pit.
 16765 | Lair:4   | Reached ****** piety under Lugonu
 17824 | Lair:5   | Reached skill level 10 in Axes
 17840 | Lair:5   | Noticed a catoblepas
 17851 | Lair:5   | Killed a catoblepas
 18181 | Lair:5   | Reached skill level 10 in Invocations
 18361 | Lair:5   | Noticed a six-headed hydra
 18367 | Lair:5   | Killed a three-headed hydra
 18541 | Lair:5   | Noticed a death yak
 18541 | Lair:5   | Noticed a death yak
 18541 | Lair:5   | Noticed a death yak
 18542 | Lair:5   | Noticed a death yak
 18593 | Lair:5   | Killed a death yak
 18593 | Lair:5   | Reached XP level 13. HP: 50/107 MP: 20/20
 19784 | Lair:6   | Entered Level 6 of the Lair of Beasts
 20482 | Lair:6   | Noticed a dire elephant
 20562 | Lair:6   | Reached skill level 11 in Axes
 21055 | Lair:6   | Killed a dire elephant
 21238 | Lair:6   | Found a staircase to the Slime Pits.
 21533 | Lair:6   | Cast into level 3 of the Abyss (a wizard)
 21567 | Lair:6   | Escaped the Abyss
 22109 | Lair:6   | Reached skill level 5 in Shields
 22267 | Lair:6   | Found a burning altar of Makhleb.
 22538 | Lair:6   | Found a gateway to Hell.
 22550 | Lair:6   | Identified the Incunabulum of the Damaging Oath
 22770 | D:9      | Killed Cykl0x's ghost
 22770 | D:9      | Reached XP level 14. HP: 116/116 MP: 22/22
 22794 | D:9      | Killed voshxz's ghost
 22796 | D:9      | Killed flt's ghost
 22913 | D:9      | Got a fine scale mail
 22924 | D:9      | Identified the +5 scale mail of Hairiness {MR++} (You found
                  | it on level 9 of the Dungeon)
 22928 | D:9      | Reached skill level 1 in Evocations
 22928 | D:9      | Reached XP level 15. HP: 124/124 MP: 23/23
 22999 | D:10     | Entered Level 10 of the Dungeon
 23138 | D:10     | Found a burning altar of Makhleb.
 23574 | D:7      | Bought an embroidered cloak for 240 gold pieces
 24492 | D:11     | Reached skill level 10 in Armour
 24774 | D:12     | Found a staircase to the Orcish Mines.
 25446 | D:13     | Reached skill level 12 in Axes
 26183 | D:13     | Found a shimmering altar of Xom.
 26909 | D:13     | Found a gate to the Vaults.
 27304 | D:14     | Found a flickering gateway to a bazaar.
 27311 | Bazaar   | Entered a bazaar
 27311 | Bazaar   | Found Hoysosm's Jewellery Emporium.
 27311 | Bazaar   | Found Ecappauwa's Distillery.
 27328 | Bazaar   | Found Yris's Antique Weapon Boutique.
 27367 | Bazaar   | Found Meheirphuz's Antique Armour Shoppe.
 27377 | Bazaar   | Bought a helmet for 85 gold pieces
 27377 | Bazaar   | Bought a translucent cloak for 180 gold pieces
 27388 | Bazaar   | Identified the +0 cloak "Bytyerph" {+Blink Str+2} (You
                  | bought it in a shop in a bazaar)
 27410 | Bazaar   | Bought a potion of heal wounds for 35 gold pieces
 27410 | Bazaar   | Bought a potion of heal wounds for 35 gold pieces
 27410 | Bazaar   | Bought a potion of heal wounds for 35 gold pieces
 27432 | Bazaar   | Bought a runed hand axe for 192 gold pieces
 27527 | D:14     | Noticed Roxanne
 27720 | D:14     | Killed Roxanne
 27938 | D:14     | Gained mutation: You occasionally shout uncontrollably at
                  | your foes. [a neqoxec]
 28221 | D:15     | Entered Level 15 of the Dungeon
 28272 | D:15     | Reached skill level 10 in Fighting
 28272 | D:15     | Reached XP level 16. HP: 110/134 MP: 25/25
 28281 | D:15     | Paralysed by a floating eye for 3 turns
 28369 | D:15     | Reached skill level 13 in Axes
 28383 | D:15     | Got a fine bone ring
 28385 | D:15     | Identified the ring of Nugigub {+Fly rPois MR+++ Str+2
                  | Dex-4} (You found it on level 15 of the Dungeon)
 28577 | D:15     | Paralysed by a floating eye for 4 turns
 28623 | D:15     | Found a shadowy altar of Dithmenos.
 28863 | D:15     | Paralysed by a floating eye for 2 turns
 28919 | D:15     | Found a basalt altar of Yredelemnul.
 29002 | D:15     | Identified a scroll of acquirement
 29015 | D:15     | Identified Atixzat's Handbook of Venomous Battle Magic
 29062 | D:15     | Paralysed by a floating eye for 4 turns
 29239 | D:15     | Got a bound bone ring
 29391 | D:15     | Found a staircase to the Depths.
 29610 | D:15     | Got a heavily runed glass ring
 29641 | D:15     | Identified the ring "Bitweclo" {Fire Int+4} (You found it
                  | on level 15 of the Dungeon)
 29644 | D:15     | Identified the ring of Hetyrgh {rPois rN+ Int-4 Dex+3} (You
                  | found it on level 15 of the Dungeon)
 29936 | D:15     | Got a brightly glowing broad axe
 29937 | D:15     | Identified the +4 broad axe of Makhleb's Favour {flame,
                  | rPois rN+ MR+ MP-9} (You acquired it on level 15 of the
                  | Dungeon)
 30125 | D:15     | Found a shattered altar of Ashenzari.
 31166 | Snake:1  | Entered Level 1 of the Snake Pit
 33036 | Snake:1  | Reached skill level 14 in Axes
 33295 | Snake:2  | Reached XP level 17. HP: 140/143 MP: 18/27
 33397 | Snake:2  | Killed from afar by a shock serpent

Skill      XL: |  1  2  3  4  5  6  7  8  9 10 11 12 13 14 15 16 |
---------------+-------------------------------------------------+-----
Dodging        | 1 2 3 4 5 6 7 8 9 |  9.6
Axes           | 2 3 4 5 6 7 9 10 11 12 14 | 14.1
Armour         | 2 3 4 5 6 7 8 9 10 11 | 11.1
Invocations    | 3 4 5 6 7 8 10 11 12 13 | 13.6
Fighting       | 4 5 6 7 8 9 10 | 10.9
Shields        | 1 2 3 4 5 6 |  6.6
Throwing       | 1 2 3 |  3.0
Evocations     | 1 |  1.7

Action                   |  1- 3 |  4- 6 |  7- 9 | 10-12 | 13-15 | 16-18 || total
-------------------------+-------+-------+-------+-------+-------+-------++-------
Melee: Hand axe          |    77 |   190 |   660 |   336 |       |       ||  1263
       Kick              |    10 |    42 |   166 |   362 |   502 |   238 ||  1320
       War axe           |       |       |       |   457 |   968 |   238 ||  1663
       Unarmed           |       |       |       |    61 |       |       ||    61
       Broad axe         |       |       |       |       |       |   308 ||   308
Throw: Tomahawk          |       |       |       |    24 |     9 |       ||    33
Invok: Depart the Abyss  |     1 |       |       |       |     1 |       ||     2
       Bend Space        |       |     3 |     2 |     2 |     3 |       ||    10
       Banish            |       |       |     1 |       |     4 |       ||     5
Evoke: Wand              |       |       |     2 |     8 |     3 |       ||    13
  Use: Potion            |     2 |     2 |     2 |     8 |     4 |       ||    18
       Scroll            |     2 |       |     7 |     9 |    14 |    10 ||    42
  Eat: Chunk             |     1 |     5 |     9 |    19 |    21 |     5 ||    60
       Ration            |       |       |     4 |     2 |     2 |     3 ||    11
Armor: Scale mail        |    35 |    89 |   421 |   333 |   427 |   318 ||  1623
       Skin              |       |       |    15 |       |       |       ||    15
Dodge: Dodged            |    23 |    75 |   207 |   414 |   509 |   264 ||  1492
Block: Shield            |       |       |   198 |       |       |       ||   198
       Buckler           |       |       |    65 |   345 |   475 |   225 ||  1110
